 Seeded DCSS version 0.31.0-4-g52a2dc7128 (webtiles) character file.

Game seed: 2 (custom seed)

28 Kazon the Sneak (level 3, -2/26 HPs)
             Began as an Octopode Delver on Jan 22, 2024.
             Was an Initiate of Okawaru.
             Slain by a crocodile zombie (9 damage)
             ... in an ossuary.
             The game lasted 00:01:22 (139 turns).

Kazon the Sneak (Octopode Delver)                    Turns: 139, Time: 00:01:23

Health: -2/26      AC:  1    Str: 13    XL:     3   Next: 14%
Magic:  3/3        EV: 13    Int: 12    God:    Okawaru [......]
Gold:   6          SH:  0    Dex: 13    Spells: 2/2 levels left

rFire   . . .        a - +0 short sword
rCold   . . .        (no shield)
rNeg    . . .        (helmet restricted)
rPois   .            (no amulet)
rElec   .            (no ring)
rCorr   .            (no ring)
SInv    .            (no ring)
Will    .....        (no ring)
Stlth   ++++         (no ring)
HPRegen 0.24/turn    (no ring)
MPRegen 0.08/turn    (no ring)
                     (no ring)

%: no passive effects
@: no status effects
A: almost no armour, amphibious, 8 rings, camouflage 1, gelatinous body 1,
(nimble swimmer 1), tentacles
a: Renounce Religion


You were in an ossuary.
You worshipped Okawaru.
Okawaru was noncommittal.
You visited 2 branches of the dungeon, and saw 2 of its levels.
You also visited: Ossuary.

You collected 6 gold pieces.

Inventory:

Hand Weapons
 a - a +0 short sword (weapon)
Wands
 f - a wand of digging (3)
Scrolls
 b - a scroll of fog
 c - a scroll of revelation
 d - a scroll of fear
Potions
 e - a potion of haste
 g - a potion of curing {unknown}


   Skills:
 * Level 3.1 Fighting
 * Level 2.1 Short Blades
 * Level 2.1 Dodging
 + Level 7.1 Stealth
 * Level 0.7 Invocations
 * Level 0.7 Evocations


You had 2 spell levels left.
You didn't know any spells.
Your spell library was empty.

Dungeon Overview and Level Annotations

Branches:
Dungeon (5/15)             Temple (1/1) D:5         Ossuary (1/1)

Altars:
Ashenzari
Cheibriados
Dithmenos
Elyvilon
Fedhas
Gozag
Hepliaklqana
Makhleb
Nemelex Xobeh
Okawaru
Qazlal
Sif Muna
Trog
Uskayaw
Vehumet
Wu Jian
Yredelemnul
Zin
The Shining One


Innate Abilities, Weirdness & Mutations

You cannot wear most types of armour.
You are amphibious.
You can wear up to eight rings at the same time.
Your skin changes colour to match your surroundings (Stealth+).
Your rubbery body absorbs attacks. (AC +1, EV +1)
((You are camouflaged when in or above water. (Stealth+)))
You have tentacles for arms and can constrict up to eight enemies at once.


Message History

As you open the door, it creaks loudly!
A crocodile zombie and a gnoll zombie come into view.
Found a gate leading back out of this place.
You hit the crocodile zombie.
Your squeeze misses the crocodile zombie.
The crocodile zombie is lightly damaged.
The crocodile zombie bites you!
The crocodile zombie drags you backwards!
The gnoll zombie closely misses you.
You hit the crocodile zombie.
The crocodile zombie is lightly damaged.
You hit the gnoll zombie. You grab the gnoll zombie.
The gnoll zombie is moderately damaged.
You constrict the gnoll zombie. The gnoll zombie hits you.
You hit the gnoll zombie.
The gnoll zombie is heavily damaged.
You constrict the gnoll zombie. The gnoll zombie hits you.
You hit the gnoll zombie but do no damage.
The gnoll zombie is severely damaged.
You constrict the gnoll zombie. You hit the gnoll zombie.
The gnoll zombie is almost destroyed.
You constrict the gnoll zombie. The gnoll zombie misses you.
You hit the gnoll zombie.
You destroy the gnoll zombie!
Okawaru accepts your kill.
You hit the crocodile zombie. You squeeze the crocodile zombie!
The crocodile zombie is moderately damaged.
The crocodile zombie bites you.
The crocodile zombie drags you backwards!
You hit the crocodile zombie.
The crocodile zombie is moderately damaged.
You hit the crocodile zombie.
The crocodile zombie is moderately damaged.
The crocodile zombie bites you.
* * * LOW HITPOINT WARNING * * *
You closely miss the crocodile zombie.
The crocodile zombie is moderately damaged.
The crocodile zombie bites you!
You die...

######### ####
#∩.Z#...#???!#
#...@.∩.#!)$!+
#...#...#?!?!#
#...##### ###
#... ##+#


You could see a crocodile zombie.

Vanquished Creatures
  An orc wizard (D:5)
  2 orcs (D:5)
  A gnoll zombie (Ossuary)
4 creatures vanquished.

Notes
Turn   | Place    | Note
-------+----------+-------------------------------------------
     0 | D:5      | Kazon the Octopode Delver began the quest for the Orb.
     0 | D:5      | Reached XP level 1. HP: 16/16 MP: 1/1
     4 | D:5      | Found a staircase to the Ecumenical Temple.
     9 | D:5      | Noticed an iguana
    13 | Temple   | Entered the Ecumenical Temple
    20 | Temple   | Became a worshipper of Warmaster Okawaru
    69 | D:5      | Noticed an orc wizard
    74 | D:5      | Killed an orc wizard
    75 | D:5      | Reached skill level 7 in Stealth
    75 | D:5      | Reached XP level 2. HP: 21/21 MP: 2/2
    75 | D:5      | Reached XP level 3. HP: 26/26 MP: 3/3
   115 | D:5      | Found a sand-covered staircase.
   124 | Ossuary  | Entered an ossuary
   139 | Ossuary  | Slain by a crocodile zombie

Illustrated notes

Levels and vault maps discovered:
D:5:      layout_loops_ring, temple_pool_b, mainiacjoe_ossuary_entry_dusty_tomb
Temple:   hellmonk_temple_of_storms
Ossuary:  ossuary_tomb_2

Skill      XL: |  1 |
---------------+----+-----
Stealth        | 7 |  7.1
Fighting       | |  3.1
Short Blades   | |  2.1
Dodging        | |  2.1
Invocations    | |  0.7
Evocations     | |  0.7

Action                     || total
---------------------------++-------
  Melee: Short sword       ||    14
         Constrict         ||     1
         Tentacles         ||     1
   Stab: Sleeping          ||     3
 Armour: Skin              ||     6
  Dodge: Dodged            ||     2
